 Dungeon Crawl Stone Soup version 0.29.1-1-gd02db6906a (webtiles) character file.

Game seed: 15826747836555011262

371 mcbry74 the Chopper (level 6, 0/56 HPs)
             Began as a Minotaur Berserker on Oct 11, 2022.
             Was a Priest of Trog.
             Slain by Pikel
             ... wielding a +1 whip of flaming
              (3 damage)
             ... on level 4 of the Dungeon.
             The game lasted 00:05:41 (2586 turns).

mcbry74 the Chopper (Minotaur Berserker)            Turns: 2586, Time: 00:05:42

Health: 0/56       AC:  7    Str: 22    XL:     6   Next: 42%
Magic:  5/5        EV: 11    Int:  6    God:    Trog [***...]
Gold:   131        SH:  0    Dex:  9    Spells: 5/5 levels left

rFire   . . .      SeeInvis .   m - +0 war axe
rCold   . . .      Faith    .   c - orb {light}
rNeg    . . .      Spirit   .   e - +0 scale mail
rPois   .          Reflect  .   (helmet restricted)
rElec   .          Harm     .   (no cloak)
rCorr   .          Rampage  .   (no gloves)
Will    .....                   (no boots)
Stlth   ..........              (no amulet)
HPRegen 0.18/turn               (no ring)
MPRegen 0.09/turn               (no ring)

@: glowing
A: horns 2, retaliatory headbutt
a: Renounce Religion, Berserk, Trog's Hand


You were on level 4 of the Dungeon.
You worshipped Trog.
Trog was most pleased with you.
You visited 1 branch of the dungeon, and saw 4 of its levels.
You also visited: Sewer.

You collected 131 gold pieces.

Inventory:

Hand Weapons
 a - a +0 hand axe
 m - a +0 war axe (weapon)
Missiles
 j - 50 stones (quivered)
 n - 3 boomerangs
Armour
 b - a +0 animal skin
 c - an orb of light (worn)
 e - a +0 scale mail (worn)
Jewellery
 t - an amulet of faith
Scrolls
 f - a scroll of enchant armour {unknown}
 g - a scroll of amnesia {unknown}
 l - 3 scrolls of identify {unknown}
 q - a scroll of blinking
 v - a scroll of teleportation {unknown}
Potions
 d - a potion of attraction {unknown}
 h - a potion of invisibility
 i - a potion of haste {unknown}
 k - a potion of brilliance {unknown}
 o - a potion of ambrosia {unknown}
 r - a potion of might {unknown}
 s - a potion of flight {unknown}
 u - 2 potions of degeneration {unknown}
Miscellaneous
 p - a lightning rod (4/4)


   Skills:
 + Level 5.0 Fighting
 * Level 6.2 Axes
 + Level 4.2 Armour
 + Level 3.8 Dodging


You had 5 spell levels left.
You didn't know any spells.
Your spell library contained the following spells:

 Spells                   Type           Power      Damage    Failure   Level
 Ensorcelled Hibernation  Hex/Ice        0%         N/A       88%         2
 Spider Form              Tmut/Pois      0%         N/A       98%         3
 Tukima's Dance           Hex            0%         N/A       98%         3
 Anguish                  Hex/Necr       0%         N/A       100%        4
 Passage of Golubria      Tloc           0%         N/A       100%        4
 Yara's Violent Unravell  Hex/Tmut       0%         3d3       100%        5


Dungeon Overview and Level Annotations

Branches:
Dungeon (4/15)              Sewer (visited)
 Temple: D:4-7

Altars:
Vehumet

Annotations:
D:4 Pikel


Innate Abilities, Weirdness & Mutations

You have a pair of horns on your head.
You reflexively headbutt those who attack you in melee.


Message History

Pikel is moderately wounded.
You hit the lemure. You hit the lemure but do no damage.
You barely miss the adder. You slash the lemure!
The adder bites you but does no damage. The lemure hits you but does no damage.
Pikel hits you with a +1 whip of flaming!
Pikel burns you. The lemure barely misses you.
You barely miss Pikel. You headbutt Pikel, but do no damage.
Pikel is moderately wounded.
You hit the lemure. You closely miss the adder.
You hit the lemure but do no damage. You hit the lemure.
The adder barely misses you. You furiously retaliate!
You headbutt the adder!
You kill the adder!
Trog accepts your kill. The lemure hits you. The lemure hits you!
Pikel hits you but does no damage. The lemure completely misses you.
You barely miss Pikel. You headbutt Pikel!
Pikel is heavily wounded.
You completely miss the lemure. You hit the lemure.
You completely miss the lemure. You hit the lemure.
You kill the lemure!
That felt strangely unrewarding.
The lemure barely misses you. The lemure hits you but does no damage.
The lemure barely misses you. You furiously retaliate!
You headbutt the lemure, but do no damage.
Pikel barely misses you. You furiously retaliate!
You headbutt Pikel.
A hobgoblin comes into view.
You closely miss Pikel. You headbutt Pikel, but do no damage.
Pikel is severely wounded.
You hit the lemure but do no damage. You slash the lemure! You hit the lemure.
The lemure hits you but does no damage. x2; The lemure hits you.
* * * LOW HITPOINT WARNING * * *
Pikel hits you with a +1 whip of flaming.
* * * LOW HITPOINT WARNING * * *
Pikel burns you.
* * * LOW HITPOINT WARNING * * *
The lemure hits you but does no damage.
Pikel hits you with a +1 whip of flaming!
* * * LOW HITPOINT WARNING * * *
Pikel burns you.
You die...

#.....# #.....# ## #.
#.....# .g##. #.....#
#....########.....#
#..........##.....#
#..........##...†.#
#.....5K...##.....######
#.....5@†..##...........
#.....B.5†.##.....#...).
#........†....#.###S##..
#.......)..##....##.#...
#..........####...#.#...
#.########## #.........
# ###....... ....>....
#.########


You could see Pikel, 3 lemures, a giant cockroach and a hobgoblin.

Vanquished Creatures
  A lemure (D:4)
  2 bullfrogs (Sewer)
  A scorpion (D:4)
  An iguana (D:4)
  5 adders
  A dart slug (D:2)
  5 orcs
  5 bats
  8 endoplasms
  12 giant cockroaches
  10 hobgoblins
  8 jackals
  9 kobolds
  9 quokkas (Sewer)
  15 ball pythons
  4 frilled lizards
  4 goblins
  5 rats
105 creatures vanquished.

Notes
Turn   | Place    | Note
-------+----------+-------------------------------------------
     0 | D:1      | mcbry74 the Minotaur Berserker began the quest for the Orb.
     0 | D:1      | Reached XP level 1. HP: 19/19 MP: 0/0
    20 | D:1      | Found a faded altar of an unknown god.
   267 | D:1      | Reached XP level 2. HP: 22/27 MP: 1/1
   272 | D:1      | Reached skill level 4 in Axes
   920 | D:2      | Reached XP level 3. HP: 33/33 MP: 2/2
  1386 | D:3      | Reached ** piety under Trog
  1402 | D:3      | Reached XP level 4. HP: 40/40 MP: 3/3
  1409 | D:3      | Found a glowing drain.
  1413 | Sewer    | Entered a sewer
  1627 | Sewer    | Reached skill level 5 in Axes
  1817 | Sewer    | Noticed a bullfrog
  1820 | Sewer    | Killed a bullfrog
  1821 | Sewer    | Reached XP level 5. HP: 47/47 MP: 4/4
  1822 | Sewer    | Reached *** piety under Trog
  2131 | D:3      | Found a radiant altar of Vehumet.
  2532 | D:4      | Noticed a lemure
  2533 | D:4      | Reached XP level 6. HP: 55/55 MP: 5/5
  2550 | D:4      | Reached skill level 5 in Fighting
  2550 | D:4      | Reached skill level 6 in Axes
  2575 | D:4      | Noticed Pikel
  2586 | D:4      | Slain by Pikel

Illustrated notes

Levels and vault maps discovered:
D:1:      wheals_arrival_shading, layout_rooms,
          hellmonk_ecumenical_altar_run_dry
D:2:      layout_basic, hangedman_decor_opposing
D:3:      layout_basic, nicolae_overflow_crystal_walls, gup_sewer_entry_bowl
D:4:      minmay_angry_zag, layout_basic, led_sif_book,
          ebering_ghost_rock_garden, uniq_pikel

Skill      XL: |  1  2  3  4  5  6 |
---------------+-------------------+-----
Axes           | 4 5 6 |  6.2
Fighting       | 4 5 |  5.0
Armour         | 3 4 |  4.2
Dodging        | 3 |  3.8

Action                   |  1- 3 |  4- 6 || total
-------------------------+-------+-------++-------
Melee: Hand axe          |    69 |       ||    69
       Headbutt          |     6 |    13 ||    19
       War axe           |    15 |    83 ||    98
Armor: Animal skin       |     4 |       ||     4
       Scale mail        |    22 |    65 ||    87
Dodge: Dodged            |    62 |    77 ||   139
